 Dungeon Crawl Stone Soup version 0.19.3-1-g3169bf9 (webtiles) character file.

10829 RKaid the Cleaver (level 11, 0/99 HPs)
             Began as a Demigod Wanderer on Jan 21, 2017.
             Succumbed to a black mamba's poison
             ... on level 3 of the Lair of Beasts on Jan 24, 2017.
             The game lasted 00:42:35 (17976 turns).

RKaid the Cleaver (Demigod Wanderer)               Turns: 17976, Time: 00:42:36

Health: 0/99       AC: 14    Str: 18    XL:     11   Next: 18%
Magic:  16/16      EV: 10    Int: 15    God:
Gold:   161        SH:  0    Dex: 21    Spells: 2 memorised, 11 levels left

rFire  + . .     SeeInvis +     b - +4 war axe (vamp) {win!}
rCold  + . .     Gourm    .     t - +4 ring mail
rNeg   . . .     Faith    .     (no shield)
rPois  +         Spirit   .     R - +2 hat {SInv}
rElec  +         Reflect  .     y - +0 cloak
rCorr  +         Harm     .     l - +0 pair of gloves
MR     ++...                    m - +0 pair of boots
Stlth  +.........               (no amulet)
                                H - +2 ring of dexterity
                                p - ring of protection from magic {MR+}

@: lethally poisoned (0 -> -14), resistant, very heavily drained
A: high mp 1
a: no special abilities


You were on level 3 of the Lair of Beasts.
You were not hungry.

You visited 3 branches of the dungeon, and saw 15 of its levels.

You collected 638 gold pieces.
You spent 477 gold pieces at shops.

Inventory:

Hand Weapons
 a - a +2 falchion of holy wrath
   (You took it off Terence on level 2 of the Dungeon)
 b - a +4 vampiric war axe (weapon) {win!}
   (You bought it in a shop on level 4 of the Dungeon)
 w - a +2 dagger of electrocution
   (You took it off an orc wizard on level 4 of the Dungeon)
Missiles
 o - a throwing net {=f}
Armour
 l - a +0 pair of gloves (worn)
   (You found it on level 1 of the Dungeon)
 m - a +0 pair of boots (worn)
   (You found it on level 1 of the Dungeon)
 t - a +4 ring mail (worn)
   (You took it off an orc on level 4 of the Dungeon)
 y - a +0 cloak (worn)
   (You found it on level 5 of the Dungeon)
 O - a +2 plate armour of fire resistance
   (You took it off an orc warrior on level 9 of the Dungeon)
 R - a +2 hat of see invisible (worn)
   (You found it on level 9 of the Dungeon)
Magical Staves
 J - an uncursed staff of earth
   (You found it on level 8 of the Dungeon)
Jewellery
 p - a ring of protection from magic (left hand) {MR+}
   (You found it on level 2 of the Dungeon)
 H - a +2 ring of dexterity (right hand)
   (You found it on level 8 of the Dungeon)
Wands
 g - a wand of iceblast (9/15)
   (You found it on level 3 of the Dungeon)
 q - a wand of random effects (10/48)
   (You found it on level 4 of the Dungeon)
 A - a wand of paralysis (2/24)
   (You found it on level 7 of the Dungeon)
 G - a wand of polymorph (13/24)
   (You took it off Crazy Yiuf on level 7 of the Dungeon)
 M - a wand of enslavement (10/24)
   (You found it on level 2 of the Lair of Beasts)
Scrolls
 d - a scroll of amnesia
 h - 5 scrolls of remove curse
 j - 4 scrolls of recharging
 k - 4 scrolls of enchant armour
 n - 4 scrolls of fog
 r - 2 scrolls of enchant weapon
 v - 3 scrolls of teleportation
 B - 4 scrolls of fear
 N - 2 scrolls of magic mapping {!r}
 P - a scroll of summoning
Potions
 e - 3 potions of resistance
 s - a potion of magic
 x - a potion of lignification {!q}
 z - a potion of mutation {!q}
 K - a potion of agility
 L - a potion of cure mutation {!q}
Books
 I - a book of Cantrips
   (You found it on level 8 of the Dungeon)
Miscellaneous
 Q - a fan of gales
   (You found it on level 9 of the Dungeon)
Comestibles
 f - 4 bread rations
 u - 4 meat rations
 D - 7 slices of pizza


   Skills:
 - Level 9.7(1.7) Fighting
 - Level 6.4(0.0) Long Blades
 * Level 11.8(3.4) Axes
 - Level 1.0(0.0) Staves
 + Level 1.8(0.0) Armour
 - Level 1.0(0.0) Dodging
 - Level 1.0(0.0) Stealth
   Level 1.7(0.0) Shields
 + Level 1.7(0.0) Spellcasting


You had 11 spell levels left.
You knew the following spells:

 Your Spells              Type           Power        Failure   Level  Hunger
A - Animate Skeleton      Necr           N/A          50%         1    ##.....
E - Apportation           Tloc           #.........   50%         1    ##.....


Dungeon Overview and Level Annotations

Branches:
Dungeon (11/15)            Temple (0/1) D:5            Lair (3/6) D:10
 Spider (0/4) Lair:3          Orc (1/2) D:9
  Swamp: Lair:2-4    Shoals: Lair:2-4

Shops:
D:4 ??*((   D:7 (   D:9 (([[(   D:10 }   Orc:1 %

Annotations:
D:4 Blork the orc
D:8 Joseph, Maurice
Lair:2 Nergalle
Orc:1 RKaid's ghost, journeyman GrGl


Innate Abilities, Weirdness & Mutations

You have an increased reservoir of magic. (+10% MP)


Message History

Found 4 tomahawks and a great mace.
Found a hole to the Spider Nest.
There is a stone staircase leading up here.
As you read the scroll of teleportation, it crumbles to dust.
You feel strangely unstable.
The yak bellows!
The bullfrog gives a loud, deep croak!
The yak bellows!
The jumping spider leaps!
The jumping spider leaps!
The yak gores the plant!
Your surroundings suddenly seem different.
A water moccasin comes into view.
The water moccasin hisses angrily.
You miss the water moccasin. The water moccasin bites you.
* * * LOW HITPOINT WARNING * * *
You are poisoned.
The water moccasin poisons you! The water moccasin closely misses you.
You miss the water moccasin.
You feel sick.
The water moccasin completely misses you.
The bullfrog snags a nearby mouse with its tongue.
The water moccasin misses you.
The water moccasin completely misses you.
You feel sick.
You feel better. The water moccasin misses you.
You slash the water moccasin! The water moccasin misses you.
The water moccasin barely misses you.
You miss the water moccasin.
The water moccasin bites you but does no damage.
The water moccasin bites you.
* * * LOW HITPOINT WARNING * * *
You slash the water moccasin! The water moccasin misses you.
The water moccasin barely misses you.
You slash the water moccasin!
You feel better. The water moccasin barely misses you.
The water moccasin bites you but does no damage.
You hit the water moccasin.
You kill the water moccasin!
The bullfrog hits you but does no damage.
You hit the bullfrog.
You feel better.
The bullfrog hits you but does no damage.
The bullfrog barely misses you.
Your ring mail prevents you from hitting the bullfrog.
The bullfrog hits you but does no damage.
The bullfrog barely misses you.
You slash the bullfrog!
You feel better.
The bullfrog swells and bulges.
The bullfrog hits you but does no damage. x2
You slash the bullfrog!
You feel better.
You kill the bullfrog!
You start resting.
Your magical contamination has completely faded away.
You start resting.
You feel a little less agile now.
You start resting.
A black mamba comes into view.
The black mamba moves out of view.
You start resting.
You miss the black mamba. The black mamba bites you.
You are poisoned.
The black mamba poisons you! The black mamba bites you!
You hit the black mamba.
You feel very sick. The black mamba bites you.
The black mamba barely misses you. The black mamba closely misses you.
You closely miss the black mamba.
You feel sick.
The black mamba bites you but does no damage.
The black mamba barely misses you.
You hit the black mamba.
You feel better.
You feel sick. The black mamba closely misses you. The black mamba bites you.
You are more poisoned.
The black mamba poisons you!
You barely miss the black mamba.
You feel very sick. The black mamba bites you!
The black mamba barely misses you. The black mamba completely misses you.
You closely miss the black mamba.
You feel very sick. The black mamba barely misses you. x2
You hit the black mamba.
You feel better.
You feel very sick. The black mamba closely misses you.
The black mamba barely misses you.
You hit the black mamba.
You feel sick. The black mamba bites you.
* * * LOW HITPOINT WARNING * * *
You are lethally poisoned!
The black mamba poisons you! The black mamba bites you!
* * * LOW HITPOINT WARNING * * *
The black mamba bites you.
* * * LOW HITPOINT WARNING * * *
You are more poisoned.
The black mamba poisons you!
You feel better. The black mamba closely misses you.
The black mamba bites you but does no damage.
You hit the black mamba.
The black mamba bites you but does no damage. x2
You barely miss the black mamba. The black mamba bites you!
* * * LOW HITPOINT WARNING * * *
The black mamba bites you!
* * * LOW HITPOINT WARNING * * *
You are lethally poisoned!
The black mamba poisons you!
You feel protected.
You die...

.........................
.........................
.........................
.........................
...#.....................
....#..?.................
..###............#.......
##.........##S#.##
#.........##@##
##.........### #.........
......... ....... ....


You could see a black mamba.

Vanquished Creatures
  2 gargoyles (D:10)
  2 spiny frogs (Lair:1)
  3 komodo dragons (Lair:1)
  A rime drake (Lair:2)
  A troll (D:9)
  Grinder (D:3)
  Prince Ribbit (D:7)
  A hornet (D:8)
  A hippogriff (Lair:1)
  8 yaks (Lair:1)
  A hungry ghost (D:8)
  4 hogs (D:9)
  A human (D:9)
  4 water moccasins
  2 porcupines
  Duvessa (D:4)
  An ice beast (D:9)
  2 black bears (D:6)
  4 ogres
  4 phantoms
  4 orc warriors
  2 sky beasts
  A centaur (D:5)
  2 big kobolds
  6 bullfrogs
  Dowan (D:4)
  A water moccasin zombie (D:8)
  4 scorpions
  5 killer bees
  5 wights
  3 howler monkeys
  5 crimson imps
  A bullfrog zombie (D:5)
  3 orc priests
  3 centaur skeletons
  A gnoll shaman (D:7)
  6 orc wizards
  A quasit (D:9)
  6 hounds
  3 jellies
  Jessica (D:3)
  3 bullfrog skeletons
  Crazy Yiuf (D:7)
  Natasha (thrice) (D:3)
  5 iguanas
  Terence (D:2)
  7 worker ants
  2 hound skeletons
  A worker ant zombie (D:5)
  9 gnolls
  14 adders
  A shadow imp (D:7)
  2 adder zombies
  An adder skeleton (D:4)
  3 worms
  2 dart slugs
  6 leopard geckos
  44 orcs
  8 bats
  5 giant cockroaches
  9 goblins
  9 hobgoblins
  10 jackals
  4 quokkas
  A ball python (D:3)
  4 frilled lizards
  A jackal skeleton (D:6)
  19 kobolds
  2 leopard gecko zombies
  A quokka skeleton (D:6)
  A quokka zombie (D:4)
  12 rats
  A fungus (Lair:1)
301 creatures vanquished.

Vanquished Creatures (collateral kills)
  A bullfrog (D:8)
  2 jackals (D:8)
3 creatures vanquished.

Vanquished Creatures (others)
  A centaur zombie (D:5)
  A ball python (D:3)
  A frilled lizard (D:3)
  A bush (Lair:3)
  A plant (Lair:3)
5 creatures vanquished.

Grand Total: 309 creatures vanquished

Notes
Turn   | Place    | Note
-------+----------+-------------------------------------------
     0 | D:1      | RKaid the Demigod Wanderer began the quest for the Orb.
     0 | D:1      | RKaid set off with: a +2 falchion, a scroll of teleportation, a potion of curing, a +0 robe, a bread ration
     0 | D:1      | Reached XP level 1. HP: 18/18 MP: 3/3
    82 | D:1      | Reached skill level 2 in Long Blades
   351 | D:1      | Reached skill level 3 in Fighting
   351 | D:1      | Reached XP level 2. HP: 26/26 MP: 4/4
   885 | D:2      | Reached XP level 3. HP: 31/31 MP: 5/5
  1243 | D:2      | Reached skill level 3 in Long Blades
  1266 | D:2      | Noticed Terence
  1279 | D:2      | Killed Terence
  1312 | D:2      | Found a blossoming altar of Fedhas.
  1313 | D:2      | Reached XP level 4. HP: 24/38 MP: 6/6
  2318 | D:3      | Noticed Grinder
  2318 | D:3      | Noticed Jessica
  2449 | D:3      | Found a radiant altar of Vehumet.
  2580 | D:3      | Noticed Natasha
  2595 | D:3      | Killed Natasha
  2595 | D:3      | Reached skill level 4 in Long Blades
  2595 | D:3      | Reached XP level 5. HP: 26/46 MP: 7/7
  2982 | D:3      | Killed Jessica
  2982 | D:3      | Reached skill level 4 in Fighting
  3066 | D:3      | Found an opulent altar of Gozag.
  3239 | D:3      | Noticed Natasha
  3261 | D:3      | Killed Natasha
  3430 | D:3      | Killed Grinder
  3430 | D:3      | Reached skill level 5 in Long Blades
  3430 | D:3      | Reached XP level 6. HP: 21/53 MP: 8/8
  3635 | D:3      | Noticed Natasha
  3642 | D:3      | Killed Natasha
  4173 | D:4      | Found Ivaypp's Magic Scroll Shoppe.
  4180 | D:4      | Bought a scroll of remove curse for 39 gold pieces
  4180 | D:4      | Bought a scroll of fog for 26 gold pieces
  4205 | D:4      | Reached skill level 5 in Fighting
  4244 | D:4      | Reached XP level 7. HP: 47/61 MP: 9/9
  4338 | D:4      | Reached skill level 6 in Long Blades
  4475 | D:4      | Found Tiottako's Weapon Shop.
  4535 | D:4      | Noticed Duvessa
  4535 | D:4      | Noticed Dowan
  4551 | D:4      | Killed Duvessa
  4551 | D:4      | Reached skill level 1 in Axes
  4563 | D:4      | Killed Dowan
  4563 | D:4      | Reached skill level 2 in Axes
  4875 | D:4      | Found Xuuvae's Magic Scroll Boutique.
  5051 | D:4      | Found Hin Wiwifa's General Store.
  5054 | D:4      | Bought a scroll of identify for 22 gold pieces
  5344 | D:4      | Reached skill level 3 in Axes
  5397 | D:4      | Found Dounar's Antique Weapon Boutique.
  5509 | D:4      | Noticed Blork the orc
  5518 | D:4      | Found a deep blue altar of Sif Muna.
  5698 | D:5      | Entered Level 5 of the Dungeon
  5765 | D:5      | Reached XP level 8. HP: 70/70 MP: 10/10
  5820 | D:5      | Reached skill level 6 in Fighting
  6026 | D:5      | Reached skill level 4 in Axes
  6390 | D:5      | Found a staircase to the Ecumenical Temple.
  6480 | D:5      | Reached skill level 5 in Axes
  7193 | D:6      | Reached skill level 6 in Axes
  7574 | D:6      | Found a shattered altar of Ashenzari.
  7985 | D:6      | Reached skill level 7 in Fighting
  7988 | D:6      | Found a bloodstained altar of Trog.
  8280 | D:6      | Reached XP level 9. HP: 70/79 MP: 11/11
  8428 | D:7      | Found a runed door.
  8465 | D:7      | Noticed Prince Ribbit
  8522 | D:7      | Killed Prince Ribbit
  8522 | D:7      | Reached skill level 7 in Axes
  9283 | D:7      | Found Meg Ucuf's Antique Weapon Emporium.
  9546 | D:7      | Noticed Crazy Yiuf
  9554 | D:7      | Killed Crazy Yiuf
  9610 | D:8      | Reached skill level 8 in Axes
  9763 | D:8      | Learned a level 1 spell: Animate Skeleton
  9765 | D:8      | Learned a level 1 spell: Apportation
  9938 | D:8      | Reached skill level 8 in Fighting
 10276 | D:8      | Noticed Maurice
 10334 | D:8      | Found an iron altar of Okawaru.
 10388 | D:8      | HP: 20/81 [acid (4)]
 10665 | D:8      | Noticed Joseph
 10676 | D:9      | Found an ancient bone altar of Kikubaaqudgha.
 10676 | D:9      | Found Vajon's Antique Armour Emporium.
 10696 | D:9      | Found Izor's Antique Weapon Shop.
 10719 | D:9      | Found Tiheydy's Antique Weapon Emporium.
 10765 | D:9      | Found a sparkling altar of Nemelex Xobeh.
 10811 | D:9      | Reached skill level 9 in Axes
 10892 | D:9      | Found a roughly hewn altar of Beogh.
 10892 | D:9      | Found a staircase to the Orcish Mines.
 11256 | D:9      | Found Viosypot's Armour Emporium.
 11332 | D:9      | Reached XP level 10. HP: 47/90 MP: 13/13
 11527 | D:9      | Found Uqoij's Antique Weapon Emporium.
 11747 | D:9      | Reached skill level 10 in Axes
 12131 | Orc:1    | Entered Level 1 of the Orcish Mines
 12134 | Orc:1    | Found Duyvuczo's Food Shop.
 12280 | D:4      | Bought a +4 vampiric war axe for 390 gold pieces
 12660 | D:10     | Entered Level 10 of the Dungeon
 12782 | D:10     | Reached skill level 9 in Fighting
 12907 | D:10     | Got a ripped robe
 13050 | D:10     | Found Vittabu's Gadget Shop.
 13083 | D:10     | Found a staircase to the Lair.
 13600 | D:10     | Found Caiz's Jewellery Emporium.
 13846 | Lair:1   | Entered Level 1 of the Lair of Beasts
 13962 | Lair:1   | Identified the cursed +1 robe "Zumaitoh" {rF+ Dex+3} (You found it on level 10 of the Dungeon)
 14023 | Lair:1   | Reached skill level 11 in Axes
 14203 | Lair:1   | HP: 12/91 [komodo dragon (21)]
 14214 | Lair:1   | HP: 15/91 [komodo dragon (9)]
 14215 | Lair:1   | HP: 3/91 [komodo dragon (12)]
 14547 | Lair:1   | Reached XP level 11. HP: 99/99 MP: 14/14
 15216 | Lair:1   | Reached skill level 1 in Armour
 15216 | Lair:1   | Reached skill level 1 in Spellcasting
 15221 | Lair:1   | HP: 23/99 [poisoned by a spiny frog]
 15226 | Lair:1   | HP: 18/99 [poisoned by a spiny frog]
 15231 | Lair:1   | HP: 13/99 [poisoned by a spiny frog]
 15236 | Lair:1   | HP: 10/99 [poisoned by a spiny frog]
 15241 | Lair:1   | HP: 8/99 [poisoned by a spiny frog]
 15246 | Lair:1   | HP: 8/99 [poisoned by a spiny frog]
 15253 | Lair:1   | HP: 8/99 [poisoned by a spiny frog]
 15261 | Lair:1   | HP: 8/99 [poisoned by a spiny frog]
 15874 | Lair:2   | Noticed Nergalle
 16012 | Orc:1    | Noticed RKaid's ghost (journeyman GrGl)
 16278 | Orc:1    | HP: 24/99 [RKaid's ghost (13)]
 16584 | D:9      | Upgraded the game from 0.19.1-28-ge1247f7 to 0.19.3-1-g3169bf9
 17748 | Lair:2   | HP: 24/99 [spectral orc warrior/trident[Nergalle] (3)]
 17749 | Lair:2   | HP: 11/99 [spectral orc warrior/antimagic hand axe[Nergalle] (3)]
 17762 | Lair:3   | Found a hole to the Spider Nest.
 17772 | Lair:3   | HP: 10/99 [water moccasin (6)]
 17778 | Lair:3   | HP: 8/99 [water moccasin (6)]
 17972 | Lair:3   | HP: 18/99 [black mamba (9)]
 17975 | Lair:3   | HP: 2/99 [black mamba (13)]
 17976 | Lair:3   | Succumbed to a black mamba's poison

Skill      XL: |  1  2  3  4  5  6  7  8  9 10 11 |
---------------+----------------------------------+-----
Long Blades    | 2 3 4 5 6 |  6.4
Fighting       | 3 4 5 7 8 9 |  9.7
Axes           | 3 6 9 11 | 11.8
Armour         | 1 |  1.8
Spellcasting   | 1 |  1.7
Staves         | |  1.0
Dodging        | |  1.0
Stealth        | |  1.0
Shields        | |  1.7

Action                   |  1- 3 |  4- 6 |  7- 9 | 10-12 || total
-------------------------+-------+-------+-------+-------++-------
Melee: Falchion          |   100 |   275 |   318 |     9 ||   702
       Dagger            |       |       |   259 |       ||   259
       Battleaxe         |       |       |    78 |    58 ||   136
       War axe           |       |       |       |   327 ||   327
Evoke: Wand              |       |       |     2 |     3 ||     5
  Use: Scroll            |       |     2 |     5 |    18 ||    25
       Potion            |       |     1 |     2 |     9 ||    12
 Stab: Sleeping          |       |       |     5 |       ||     5
       Paralysed         |       |       |       |     6 ||     6
       Distracted        |       |       |       |     1 ||     1
  Eat: Chunk             |     1 |    10 |    17 |     3 ||    31
       Royal jelly       |       |       |     3 |       ||     3
       Bread ration      |       |       |     1 |     4 ||     5
       Pizza             |       |       |     1 |     1 ||     2
       Beef jerky        |       |       |       |     3 ||     3
       Fruit             |       |       |       |     3 ||     3
Armor: Scale mail        |    63 |       |       |       ||    63
       Robe              |     1 |       |       |       ||     1
       Chain mail        |       |   174 |    10 |       ||   184
       Ring mail         |       |       |   277 |   182 ||   459
       Plate armour      |       |       |       |     4 ||     4
Dodge: Dodged            |    55 |   111 |   286 |   216 ||   668
       Rpst.: Falchion   |    19 |    33 |    53 |     2 ||   107

Vault maps used:
D:1:      lightli_iron_boxes, roderic_serpentine_path
D:2:      fedhas_altar_2, uniq_terence
D:3:      nicolae_gozag_cash_rules_everything_around_me, vehumet_crystals,
          first_bread, lemuel_old_faithful, uniq_natasha, uniq_grinder,
          uniq_jessica
D:4:      kb_forest_paths, serial_shops, shop, kennysheep_mini_moat,
          nicolae_shop_trees, shop, shop, tgw_sif, uniq_duvessa
D:5:      lemuel_flame_loot_1
D:6:      black_bear_nest_2, marbit_many_paths, basic_altar
D:7:      serial_shops, nicolae_shop_waterfront, fountainhead,
          uniq_crazy_yiuf_cottage, uniq_prince_ribbit1
D:8:      old_standard_altar, uniq_maurice, uniq_joseph
D:9:      kennysheep_mini, old_standard_altar, david_orc_5, serial_shops, shop,
          shop_statue, shop, shop, nicolae_shop_overgrown_old_shop,
          grunt_livestock, minmay_tree_intersection
D:10:     lair_0_dummy, serial_shops, shop, shop
D:11:     uniq_josephine, uniq_snorg, uniq_erolcha
Lair:1:   serial_bayou_pond_c, grunt_megastairs_3, lemuel_fruit_fields
Lair:2:   grunt_forest_stairs_basic, hangedman_lair_generics_rect,
          lemuel_fruit_fields, uniq_nergalle
Lair:3:   minmay_swamp_entry_worms, spider_nest_entry_a
Orc:1:    serial_shops, shop

Table legend:
 A = Turns spent in this place as a percentage of turns spent in the entire game.
 B = Non-inter-level travel turns spent in this place as a percentage of non-inter-level travel turns spent in the entire game.
 C = Inter-level travel turns spent in this place as a percentage of turns spent in this place.
 D = Turns resting spent in this place as a percentage of non-inter-level travel turns spent in this place.
 E = Turns spent auto-exploring this place as a percentage of non-inter-level travel turns spent in this place.
 F = Non-inter-level travel turns spent in this place divided by the number of levels of this place that you've seen.
                   A       B       C       D       E      F
               +-------+-------+-------+-------+-------+----------------------
         Total | 100.0 | 100.0 |   0.7 |   4.4 |   7.4 | 274.3
       Dungeon |  81.8 |  81.8 |   0.7 |   4.5 |   8.3 | 306.0
          Lair |  15.8 |  15.8 |   1.1 |   4.3 |   3.1 | 216.0
  Orcish Mines |   2.4 |   2.4 |   0.0 |   0.0 |   3.0 | 100.0
               +-------+-------+-------+-------+-------+----------------------

Table legend:
 A = Kills in this place as a percentage of kills in entire the game.
 B = Kills by you in this place as a percentage of kills by you in the entire game.
 C = Kills by friends in this place as a percentage of kills by friends in the entire game.
 D = Other kills in this place as a percentage of other kills in the entire game.
 E = Experience gained in this place as a percentage of experience gained in the entire game.
 F = Experience gained in this place divided by the number of levels of this place that you have seen.
                   A       B       C       D       E      F
               +-------+-------+-------+-------+-------+----------------------
         Total | 100.0 | 100.0 | 100.0 |  -nan | 100.0 | 1031.3
       Dungeon |  91.4 |  91.3 | 100.0 |  -nan |  66.5 | 935.1
          Lair |   6.9 |   7.0 |   0.0 |  -nan |  32.1 | 1653.0
  Orcish Mines |   1.7 |   1.7 |   0.0 |  -nan |   1.5 | 225.0
               +-------+-------+-------+-------+-------+----------------------
